 Dungeon Crawl Stone Soup version 0.28.0-1-gb440e238dd (webtiles) character file.

Game seed: 11747883513589430634

214 15bullets the Firebug (level 5, -5/41 HPs)
             Began as a Barachi Fire Elementalist on Feb 19, 2022.
             Slain by a mummy (14 damage)
             ... in an ossuary.
             The game lasted 00:12:11 (3548 turns).

15bullets the Firebug (Barachi Fire Elementalist)   Turns: 3548, Time: 00:12:11

Health: -5/41      AC:  5    Str:  9    XL:     5   Next: 91%
Magic:  1/10       EV: 12    Int: 17    God:
Gold:   64         SH:  0    Dex: 19    Spells: 8/11 levels left

rFire   . . .      SeeInvis .   p - +3 short sword
rCold   . . .      Faith    .   (no shield)
rNeg    . . .      Spirit   .   a - +0 robe
rPois   .          Reflect  .   t - +0 helmet
rElec   .          Harm     .   s - +0 cloak
rCorr   .          Rampage  .   (no gloves)
Will    .....                   j - +0 pair of boots
Stlth   ++........              (no amulet)
HPRegen 0.13/turn               r - +6 ring of dexterity
MPRegen 0.12/turn               m - ring of wizardry

@: unable to hop, slow
A: amphibious, slowness 1, strong legs 1, +LOS
a: Hop


You were in an ossuary.
You visited 1 branch of the dungeon, and saw 4 of its levels.
You also visited: Ossuary.

You collected 64 gold pieces.

Inventory:

Hand Weapons
 b - a +0 spear
 c - a +0 dagger
 p - a +3 short sword (weapon)
Missiles
 d - 2 poisoned darts
Armour
 a - a +0 robe (worn)
 h - a scarf of harm
 j - a +0 pair of boots (worn)
 s - a +0 cloak (worn)
 t - a +0 helmet (worn)
Jewellery
 m - a ring of wizardry (right hand)
 r - a +6 ring of dexterity (left hand)
 w - a ring of protection from fire
Scrolls
 f - a scroll of teleportation {unknown}
 i - a scroll of amnesia {unknown}
 k - a scroll of silence
 o - a scroll of immolation {unknown}
 q - a scroll of vulnerability {unknown}
 u - a scroll of fear {unknown}
Potions
 e - 2 potions of heal wounds
 g - 4 potions of curing
 l - 2 potions of haste {unknown}
 n - a potion of might {unknown}
 v - a potion of flight {unknown}


   Skills:
 * Level 3.6 Fighting
 - Level 2.1 Dodging
 - Level 2.0 Stealth
 * Level 3.7 Spellcasting
 + Level 2.7 Conjurations
 + Level 4.0 Fire Magic


You had 8 spell levels left.
You knew the following spells:

 Your Spells              Type           Power      Damage    Failure   Level
a - Foxfire               Conj/Fire      56%        2x1d6     1%          1
b - Scorch                Fire           34%        2d7       1%          2

Your spell library contained the following spells:

 Spells                   Type           Power      Damage    Failure   Level
 Conjure Flame            Conj/Fire      14%        6-21      4%          3
 Inner Flame              Hex/Fire       10%        N/A       9%          3
 Flame Wave               Conj/Fire      14%        2d6       16%         4


Dungeon Overview and Level Annotations

Branches:
Dungeon (4/15)            Ossuary (1/1)
 Temple: D:4-7

Altars:

Shops:
D:2 (


Innate Abilities, Weirdness & Mutations

You are amphibious.
You cover ground slowly.
You can hop short distances.
You have an extended range of vision and can be seen from far away.


Message History

The foxfire hits the mummy.
The mummy is burned terribly!
The mummy is lightly damaged.
The foxfire hits the mummy!
The mummy is burned terribly!
The mummy is heavily damaged.
The mummy hits you! The mummy misses you.
You hit the mummy but do no damage.
The mummy is heavily damaged.
The mummy hits you.
You hit the mummy.
The mummy is severely damaged.
You hit the mummy.
You destroy the mummy!
You are ready to hop once more.
The mummy misses you. The mummy hits you!
Hop to where?
Press: ? - help, Dir - move target Boing!
Casting: Foxfire (safe; 1% risk of failure)
Press: ? - help, Q - select action, (/) - cycle Dir - look around, f - activate You conjure some foxfire!
The foxfire hits the mummy.
The mummy is burned terribly!
The mummy is moderately damaged.
Unknown command.
You barely miss the mummy.
The mummy is moderately damaged.
The foxfire hits the mummy.
The mummy is burned terribly!
The mummy is severely damaged.
You hit the mummy.
The mummy is almost destroyed.
You hit the mummy.
You destroy the mummy!
The mummy closely misses you.
You hit the mummy.
The mummy is lightly damaged.
You hit the mummy.
The mummy is heavily damaged.
The mummy hits you!
* * * LOW HITPOINT WARNING * * *
The mummy hits you!
You die...

####
#.M######
##@.....#
#...∩.∩.+
##......#
#..######
####


You could see a mummy.

Vanquished Creatures
  A human zombie (D:4)
  A bullfrog skeleton (D:4)
  2 mummies (Ossuary)
  4 adders
  A worm zombie (D:4)
  An adder skeleton (D:4)
  5 dart slugs
  5 orcs
  8 ball pythons
  9 bats
  3 endoplasms
  2 giant cockroaches (D:1)
  3 goblins
  5 hobgoblins
  3 jackals (D:2)
  6 quokkas
  A frilled lizard (D:2)
  5 kobolds
  An orc zombie (D:4)
  A quokka skeleton (D:4)
  8 rats
75 creatures vanquished.

Vanquished Creatures (collateral kills)
  2 foxfires (D:2)
2 creatures vanquished.

Vanquished Creatures (others)
  2 demonic plants (D:1)
  224 foxfires
226 creatures vanquished.

Grand Total: 303 creatures vanquished

Notes
Turn   | Place    | Note
-------+----------+-------------------------------------------
     0 | D:1      | 15bullets the Barachi Fire Elementalist began the quest for
                  | the Orb.
     0 | D:1      | Reached XP level 1. HP: 13/13 MP: 3/3
   242 | D:1      | Reached skill level 1 in Fighting
   242 | D:1      | Reached XP level 2. HP: 21/21 MP: 5/5
   298 | D:1      | Learned a level 2 spell: Scorch
   653 | D:1      | Found a faded altar of an unknown god.
   653 | D:1      | Noticed an orange demon
   835 | D:1      | Reached XP level 3. HP: 27/27 MP: 2/6
  1447 | D:2      | Reached XP level 4. HP: 34/34 MP: 0/8
  1528 | D:2      | Found Inlyuj's Weapon Boutique.
  3157 | D:4      | Reached XP level 5. HP: 41/41 MP: 0/9
  3490 | D:4      | Found a sand-covered staircase.
  3508 | D:4      | Reached skill level 4 in Fire Magic
  3532 | Ossuary  | Entered an ossuary
  3548 | Ossuary  | Slain by a mummy

Illustrated notes

Levels and vault maps discovered:
D:1:      sevenhm_arrival_forest_fort_large_2, layout_basic,
          dreamdust_ecumenical_altar_sealed_demon
D:2:      layout_rooms, serial_shops, nicolae_shop_bloodbath_and_beyond,
          guppyfry_early_lair_pool
D:3:      layout_loops_cross
D:4:      layout_basic, enter_ossuary_3
Ossuary:  ossuary_minmay_chase

Skill      XL: |  1  2  3  4  5 |
---------------+----------------+-----
Fighting       | 1 2 3 |  3.6
Stealth        | 2 |  2.0
Conjurations   | 2 |  2.7
Spellcasting   | 3 |  3.7
Fire Magic     | 4 |  4.0
Dodging        | |  2.1

Action                   |  1- 3 |  4- 6 || total
-------------------------+-------+-------++-------
Melee: Short sword       |     2 |    32 ||    34
       Whip              |    12 |     1 ||    13
       Punch             |       |     1 ||     1
 Cast: Foxfire           |    57 |    90 ||   147
       Scorch            |       |     6 ||     6
 Abil: Hop               |     1 |     5 ||     6
  Use: Scroll            |       |     3 ||     3
 Stab: Sleeping          |     2 |     1 ||     3
Armor: Robe              |     4 |     9 ||    13
Dodge: Dodged            |     8 |    22 ||    30
